 Dungeon Crawl Stone Soup version 0.29-a0-451-gfbfa42419e (console) character file.

Game seed: 18004462867747360708

123 Faeu the Skirmisher (level 4, -6/61 HPs)
             Began as a Minotaur Berserker on May 19, 2022.
             Was a Believer of Trog.
             Mangled by a gnoll
             ... wielding a +0 spear
              (9 damage)
             ... on level 3 of the Dungeon.
             The game lasted 00:04:02 (2561 turns).

Faeu the Skirmisher (Minotaur Berserker)            Turns: 2561, Time: 00:04:03

Health: -6/61      AC:  2    Str: 24    XL:     4   Next: 80%
Magic:  3/3        EV: 12    Int:  4    God:    Trog [**....]
Gold:   107        SH:  0    Dex:  9    Spells: 3/3 levels left

rFire   . . .      SeeInvis .   a - +0 hand axe
rCold   . . .      Faith    .   (no shield)
rNeg    . . .      Spirit   .   b - +0 animal skin
rPois   .          Reflect  .   (helmet restricted)
rElec   .          Harm     .   (no cloak)
rCorr   .          Rampage  .   (no gloves)
Will    .....                   (no boots)
Stlth   ..........              (no amulet)
HPRegen 0.20/turn               (no ring)
MPRegen 0.08/turn               (no ring)

@: berserking, very quick
A: horns 2, retaliatory headbutt
a: Renounce Religion, Berserk, Trog's Hand


You were on level 3 of the Dungeon.
You worshipped Trog.
Trog was pleased with you.
You visited 1 branch of the dungeon, and saw 3 of its levels.

You collected 107 gold pieces.

Inventory:

Hand Weapons
 a - a +0 hand axe (weapon)
Missiles
 k - 6 silver javelins (quivered)
Armour
 b - a +0 animal skin (worn)
Scrolls
 c - a scroll of silence {unknown}
 d - 3 scrolls of identify {unknown}
 i - a scroll of teleportation {unknown}
 l - a scroll of poison {unknown}
 p - a scroll of enchant armour {unknown}
 q - a scroll of vulnerability {unknown}
Potions
 e - 3 potions of attraction {unknown}
 f - 2 potions of resistance {unknown}
 g - 3 potions of curing {unknown}
 h - 2 potions of brilliance {unknown}
 j - a potion of flight {unknown}
 m - 2 potions of heal wounds {unknown}
 n - a potion of experience {unknown}
 o - a potion of magic {unknown}


   Skills:
 + Level 4.6 Fighting
 + Level 4.5 Axes
 + Level 3.6 Armour
 + Level 3.3 Dodging


You had 3 spell levels left.
You didn't know any spells.
Your spell library was empty.

Dungeon Overview and Level Annotations

Branches:
Dungeon (3/15)

Altars:


Innate Abilities, Weirdness & Mutations

You have a pair of horns on your head.
You reflexively headbutt those who attack you in melee.


Message History

The gnoll hits you from afar with a +0 spear.
The gnoll hits you with a +0 club. The gnoll closely misses you.
The gnoll misses you.
You barely miss the gnoll.
The gnoll is moderately wounded.
The gnoll closely misses you.
The gnoll hits you from afar with a +0 spear!
You hit the gnoll.
The gnoll is heavily wounded.
The gnoll barely misses you. The gnoll attacks as you move away!
The gnoll barely misses you. You furiously retaliate!
You headbutt the gnoll!
You kill the gnoll!
Trog accepts your kill.
You hit the gnoll.
The gnoll is severely wounded.
The gnoll hits you from afar with a +0 spear.
The gnoll hits you but does no damage.
You hit the gnoll.
You kill the gnoll!
Trog accepts your kill. The gnoll closely misses you.
The gnoll hits you from afar with a +0 spear.
* * * LOW HITPOINT WARNING * * *
The gnoll hits you with a +0 spear.
* * * LOW HITPOINT WARNING * * *
Things that are here:
a +0 club; a gnoll corpse You barely miss the gnoll.
The gnoll hits you with a +0 spear.
* * * LOW HITPOINT WARNING * * *
The gnoll barely misses you.
A red film seems to cover your vision as you go berserk!
You feel yourself moving faster!
You feel mighty! The gnoll hits you with a +0 spear!
* * * LOW HITPOINT WARNING * * *
The gnoll barely misses you.
You barely miss the gnoll. You punch the gnoll!
The gnoll is severely wounded.
The gnoll barely misses you. The gnoll hits you with a +0 spear!
You die...

### ##.## #.# #..## #.#
#.#.. #... ###.# #...#
####... #...## #..##
.............#..####..#
.........######......###
#..... #....<.......
#..... ###...#........
##...gg###...###........
.......@.....# #........
.......###...# #........
.#..... .....###........
#.....###..............
....... ....####..#####
...###. .#...# ##..# ..#
###.#...# ###..#### #.
#.....# #........
#....##.#......
#...#.........
#......#......


You could see 2 gnolls.

Vanquished Creatures
  Robin (D:2)
  3 adders
  2 gnolls (D:3)
  5 orcs
  5 endoplasms
  2 giant cockroaches
  11 goblins
  5 hobgoblins
  8 jackals
  3 kobolds
  A quokka (D:3)
  4 ball pythons
  2 bats
  A frilled lizard (D:2)
  7 rats
60 creatures vanquished.

Vanquished Creatures (others)
  7 plants (D:2)
7 creatures vanquished.

Grand Total: 67 creatures vanquished

Notes
Turn   | Place    | Note
-------+----------+-------------------------------------------
     0 | D:1      | Faeu the Minotaur Berserker began the quest for the Orb.
     0 | D:1      | Reached XP level 1. HP: 19/19 MP: 0/0
    64 | D:1      | Found a faded altar of an unknown god.
   474 | D:1      | Reached XP level 2. HP: 27/27 MP: 1/1
   781 | D:2      | Noticed Robin
   803 | D:2      | HP: 1/27 [hobgoblin[Robin] (1)]
  1099 | D:2      | Killed Robin
  1100 | D:2      | Reached XP level 3. HP: 22/33 MP: 2/2
  1738 | D:2      | Reached ** piety under Trog
  2193 | D:2      | Reached XP level 4. HP: 26/41 MP: 3/3
  2560 | D:3      | HP: 3/61 [gnoll/+0 spear (8)]
  2561 | D:3      | Mangled by a gnoll

Illustrated notes

Levels and vault maps discovered:
D:1:      enne_arrival_octagon_isle, layout_loops_corners,
          chequers_ecumenical_altar_simple_redux
D:2:      wad_lake_hut, layout_basic, kennysheep_generic_room_15, uniq_robin
D:3:      layout_rooms, st_stairs_12, uniq_sigmund

Skill      XL: |  1  2  3 |
---------------+----------+-----
Axes           | 4 |  4.5
Fighting       | 4 |  4.6
Armour         | 3 |  3.6
Dodging        | 3 |  3.3

Action                   |  1- 3 |  4- 6 || total
-------------------------+-------+-------++-------
Melee: Hand axe          |    66 |    19 ||    85
       Headbutt          |     8 |     1 ||     9
       Punch             |       |     1 ||     1
Invok: Berserk           |     1 |     2 ||     3
Armor: Animal skin       |    13 |     1 ||    14
Dodge: Dodged            |    58 |    26 ||    84

Table legend: (Time is in decaauts)
 A = Elapsed time spent in this place.
 B = Non-inter-level travel time spent in this place.
 C = Inter-level travel time spent in this place.
 D = Time resting spent in this place.
 E = Time spent auto-exploring this place.
 F = Levels seen in this place.
 G = Mean time per level.
                   A        B        C        D        E       F      G
               +--------+--------+--------+--------+--------+-----+--------+
         Total |   2641 |   2573 |     68 |    501 |   1641 |   3 |  880.3 |
       Dungeon |   2641 |   2573 |     68 |    501 |   1641 |   3 |  880.3 |
               +--------+--------+--------+--------+--------+-----+--------+

Top non-repeatable levels by time:
     D:2: 1305 daAuts
     D:1: 1184 daAuts
     D:3: 151 daAuts
